 Dungeon Crawl Stone Soup version 0.30.0-10-gfe55d96785 (webtiles) character file.

Game seed: 12435317960499323092

1195 2FriedEggs the Ducker (level 8, -5/64 HPs)
             Began as a Merfolk Fire Elementalist on May 14, 2023.
             Was an Initiate of Okawaru.
             Killed by nerve-wracking pain
             ... invoked by Menkaure
              (14 damage)
             ... on level 6 of the Dungeon.
             The game lasted 00:14:27 (6178 turns).

2FriedEggs the Ducker (Merfolk Fire Elementalist)   Turns: 6178, Time: 00:14:28

Health: -5/64      AC:  6    Str: 12    XL:     8   Next: 44%
Magic:  2/24       EV: 15    Int: 14    God:    Okawaru [......]
Gold:   96         SH:  0    Dex: 16    Spells: 13/16 levels left

rFire   . . .        y - +2 hand axe (elec)
rCold   + . .        (no shield)
rNeg    . . .        p - +0 leather armour
rPois   .            q - +0 helmet
rElec   .            (no cloak)
rCorr   .            J - +0 pair of gloves
SInv    .            B - +0 pair of boots "Vadoloec" {rC+ Str+3}
Will    +....        l - amulet of the acrobat
Stlth   ++           f - ring of magical power
HPRegen 0.30/turn    A - ring of willpower
MPRegen 0.19/turn

%: acrobat
@: very slightly contaminated
A: (nimble swimmer 2), mertail
a: Renounce Religion


You were on level 6 of the Dungeon.
You worshipped Okawaru.
Okawaru was noncommittal.
You visited 2 branches of the dungeon, and saw 7 of its levels.

You collected 368 gold pieces.
You spent 272 gold pieces at shops.

Inventory:

Hand Weapons
 c - a +0 war axe
 r - a +0 dagger of draining
 y - a +2 hand axe of electrocution (weapon)
 E - a +2 short sword of flaming
Missiles
 n - 2 throwing nets
Armour
 p - a +0 leather armour (worn)
 q - a +0 helmet (worn)
 B - the +0 pair of boots "Vadoloec" (worn) {rC+ Str+3}
   (You bought it in a shop on level 6 of the Dungeon)

   Str:       It affects your strength (+3).
   rC:        It protects you from cold.
 G - a +0 ring mail of willpower
 J - a +0 pair of gloves (worn)
Jewellery
 f - a ring of magical power (left hand)
 l - an amulet of the acrobat (around neck)
 v - a ring of protection from cold
 A - a ring of willpower (right hand)
Wands
 F - a wand of iceblast (14)
Scrolls
 a - a scroll of enchant weapon
 d - 5 scrolls of poison
 h - a scroll of amnesia
 j - a scroll of immolation {unknown}
 k - 5 scrolls of teleportation
 o - a scroll of magic mapping
 t - a scroll of enchant armour
 u - a scroll of vulnerability {unknown}
 x - a scroll of brand weapon
 C - a scroll of fear {unknown}
 D - a scroll of fog
Potions
 b - a potion of magic
 e - 2 potions of heal wounds
 g - a potion of brilliance {unknown}
 i - 4 potions of curing {unknown}
 m - a potion of haste {unknown}
 s - a potion of might {unknown}
 w - a potion of degeneration {unknown}
 z - a potion of mutation {unknown}
 H - a potion of resistance {unknown}


   Skills:
 + Level 5.9 Fighting
 * Level 2.9 Long Blades
 - Level 1.3 Throwing
 + Level 7.7 Dodging
 - Level 2.1 Stealth
 - Level 4.8 Spellcasting
 - Level 0.7 Conjurations
 - Level 2.1 Fire Magic


You had 13 spell levels left.
You knew the following spells:

 Your Spells              Type           Power      Damage    Failure   Level
a - Foxfire               Conj/Fire      28%        2x1d5     12%         1
b - Scorch                Fire           18%        2d6       14%         2

Your spell library contained the following spells:

 Spells                   Type           Power      Damage    Failure   Level
 Inner Flame              Hex/Fire       6%         N/A       41%         3
 Volatile Blastmotes      Fire/Tloc      12%        2d11      41%         3
 Ignite Poison            Fire/Tmut/Pois 5%         N/A       45%         3
 Flame Wave               Conj/Fire      7%         2d5       77%         4
 Sticky Flame             Conj/Fire      7%         2d3       77%         4
 Orb of Destruction       Conj           2%         9d5       100%        7
 Ignition                 Fire           4%         3d4       100%        8
 Summon Guardian Golem    Hex/Summ       Unusable   N/A       N/A         3
 Spellforged Servitor     Conj/Summ      Unusable   N/A       N/A         7

Dungeon Overview and Level Annotations

Branches:
Dungeon (6/15)             Temple (1/1) D:6

Altars:
Ashenzari
Cheibriados
Elyvilon
Fedhas
Gozag
Hepliaklqana
Makhleb
Nemelex Xobeh
Okawaru
Qazlal
Ru
Sif Muna
Uskayaw
Vehumet
Wu Jian
Xom
Yredelemnul
Zin
The Shining One

Shops:
D:1 *   D:6 [

Annotations:
D:6 Menkaure


Innate Abilities, Weirdness & Mutations

((You are very nimble when in or above water. (Stealth+, EV+, Speed+++)))
Your lower body shifts to a powerful aquatic tail in water.


Message History

Menkaure casts a spell.
Menkaure seems to speed up.
Casting: Scorch (safe; 14% risk of failure)
Confirm with . or Enter, or press ? or * to list all spells.
Flames lash the phantom.
The phantom is burned terribly!
The phantom is severely damaged.
The phantom barely misses you. Menkaure barely misses you.
Unknown command.
Casting: Scorch (safe; 14% risk of failure)
Confirm with . or Enter, or press ? or * to list all spells.
You miscast Scorch.
Nothing appears to happen.
The phantom hits you.
The phantom blinks!
You blink.
Casting: Scorch (safe; 14% risk of failure)
Confirm with . or Enter, or press ? or * to list all spells.
You miscast Scorch.
Nothing appears to happen.
The phantom hits you.
* * * LOW HITPOINT WARNING * * *
The phantom blinks!
You blink.
Casting: Scorch (safe; 14% risk of failure)
Confirm with . or Enter, or press ? or * to list all spells.
Flames lash the phantom.
The phantom is burned terribly!
The phantom is almost destroyed.
The phantom hits you.
* * * LOW HITPOINT WARNING * * *
Casting: Scorch (safe; 14% risk of failure)
Confirm with . or Enter, or press ? or * to list all spells.
You miscast Scorch.
Nothing appears to happen.
The phantom barely misses you.
Menkaure calls on the powers of darkness!
Your body is wracked with pain!
* * * LOW HITPOINT WARNING * * *
Casting: Scorch (safe; 14% risk of failure)
Confirm with . or Enter, or press ? or * to list all spells.
Flames lash the phantom.
The phantom is burned terribly!
The phantom is almost destroyed.
The phantom hits you.
* * * LOW HITPOINT WARNING * * *
The phantom blinks!
You blink.
Menkaure draws the symbol "Udjat" in the dust.
Menkaure gestures at you while chanting.
Pain shoots through your body!
You die...

#....##....# #.
#....#####.# #.
#......###.####.
#....#........#.
#....#....#...#.
#.......#####.#.
##.............#*
####W...§.#...#...#*
#..@.....§#.......#*
#.....#.#.#.#.#...#*
#.........#.......#*
#.....#...#......##*
##................#
*
#....#.#M#...#..#.#
*
#............##.#.#
*
#..#...#...##*#.#.#
*
#..,...M...####.#.#
*


You could see a phantom (combustible) and Menkaure (fast, combustible).

Vanquished Creatures
  2 black bears
  An ice beast (D:6)
  2 ogres
  Blork the orc (D:6)
  A phantom (D:6)
  A bullfrog (D:6)
  2 scorpions
  2 hounds (D:5)
  2 orc priests (D:5)
  A jelly (D:3)
  An iguana (D:5)
  A sleepcap (D:5)
  An orc wizard (D:4)
  4 gnolls
  6 adders
  A white imp (D:6)
  A worm (D:2)
  2 dart slugs
  10 orcs
  12 endoplasms
  5 giant cockroaches
  5 goblins
  8 hobgoblins
  3 jackals (D:2)
  3 quokkas
  12 ball pythons
  4 bats (D:2)
  6 frilled lizards
  10 kobolds
  10 rats
120 creatures vanquished.

Vanquished Creatures (others)
  13 foxfires
13 creatures vanquished.

Grand Total: 133 creatures vanquished

Notes
Turn   | Place    | Note
-------+----------+-------------------------------------------
     0 | D:1      | 2FriedEggs the Merfolk Fire Elementalist began the quest
                  | for the Orb.
     0 | D:1      | Reached XP level 1. HP: 13/13 MP: 3/3
     6 | D:1      | Noticed a rime drake
     6 | D:1      | Noticed an iguana
     6 | D:1      | Noticed a water moccasin
     7 | D:1      | Noticed a wolf
     7 | D:1      | Noticed a polar bear
   255 | D:1      | You fall into a shaft and drop 1 floor!
   259 | D:2      | Reached XP level 2. HP: 19/19 MP: 3/5
   264 | D:2      | Learned a level 2 spell: Scorch
   467 | D:2      | Reached XP level 3. HP: 24/24 MP: 7/7
   835 | D:1      | Found Kirugufis's General Store.
  1252 | D:1      | Reached XP level 4. HP: 17/30 MP: 10/10
  1837 | D:2      | Reached XP level 5. HP: 35/35 MP: 11/11
  1972 | D:2      | Found a faded altar of an unknown god.
  2505 | D:3      | Reached skill level 1 in Fighting
  2505 | D:3      | Reached skill level 3 in Dodging
  2672 | D:3      | Noticed a +0 falchion
  2672 | D:3      | Noticed a +0 dagger
  2672 | D:3      | Noticed a +0 falchion
  2674 | D:3      | Noticed a +0 spear
  2674 | D:3      | Noticed a +0 short sword
  2675 | D:3      | Noticed a +0 spear
  2675 | D:3      | Noticed a +0 short sword
  2676 | D:3      | Noticed a +0 dagger
  2788 | D:3      | Found a hide-covered altar of Uskayaw.
  2809 | D:3      | Reached XP level 6. HP: 33/44 MP: 12/13
  3326 | D:4      | Reached skill level 4 in Dodging
  3887 | D:4      | Found a glowing golden altar of the Shining One.
  3894 | D:4      | Found a shimmering blue altar of Sif Muna.
  3898 | D:4      | Found a stormy altar of Qazlal.
  4001 | D:5      | Entered Level 5 of the Dungeon
  4039 | D:5      | Reached skill level 5 in Dodging
  4039 | D:5      | Reached XP level 7. HP: 20/52 MP: 14/14
  4922 | D:5      | Reached skill level 6 in Dodging
  5229 | D:6      | Found a staircase to the Ecumenical Temple.
  5235 | D:6      | Reached skill level 5 in Fighting
  5240 | Temple   | Entered the Ecumenical Temple
  5477 | Temple   | Became a worshipper of Warmaster Okawaru
  5528 | D:6      | Noticed Blork the orc
  5538 | D:6      | Reached skill level 7 in Dodging
  5542 | D:6      | Reached XP level 8. HP: 33/62 MP: 5/15
  5542 | D:6      | Killed Blork the orc
  5543 | D:6      | Reached skill level 1 in Throwing
  5730 | D:6      | Reached skill level 1 in Long Blades
  5839 | D:6      | Found Bicha's Armour Shoppe.
  5845 | D:6      | Bought the +0 pair of boots "Vadoloec" {rC+ Str+3} for 272
                  | gold pieces
  6163 | D:6      | Noticed Menkaure
  6178 | D:6      | Killed from afar by Menkaure

Illustrated notes

Levels and vault maps discovered:
D:1:      onia_arrival_zoo_common, layout_loops_ring, serial_shops, shop_statue
D:2:      layout_loops_ring, nicolae_ecumenical_snake_handling,
          grunt_ministairs_14, minmay_vboxes
D:3:      layout_basic, nicolae_uskayaw_en_pointe, st_stairs_12,
          kennysheep_cross_room
D:4:      layout_rooms, grunt_temple_overflow_diamond
D:5:      layout_loops_ring, nicolae_concentric_dashed_squares_wild
D:6:      layout_basic, minmay_temple_entry_wispy, serial_shops, shop,
          hangedman_decor_lopped, minmay_fractal_squares_5, uniq_blork_the_orc,
          uniq_menkaure
Temple:   nicolae_temple_superstar

Skill      XL: |  1  2  3  4  5  6  7  8 |
---------------+-------------------------+-----
Spellcasting   | 3 4 |  4.8
Fighting       | 2 3 5 |  5.9
Dodging        | 3 5 7 |  7.7
Throwing       | 1 |  1.3
Long Blades    | 2 |  2.9
Stealth        | |  2.1
Conjurations   | |  0.7
Fire Magic     | |  2.1

Action                     |  1- 3 |  4- 6 |  7- 9 || total
---------------------------+-------+-------+-------++-------
  Melee: War axe           |    41 |    12 |       ||    53
         Unarmed           |     7 |       |       ||     7
         Dagger            |       |    26 |       ||    26
         Hand axe          |       |       |     5 ||     5
   Cast: Foxfire           |     6 |       |     1 ||     7
         Scorch            |    29 |    60 |    76 ||   165
    Use: Scroll            |       |       |     9 ||     9
         Potion            |       |       |     1 ||     1
   Stab: Sleeping          |       |     6 |       ||     6
 Armour: Robe              |    15 |       |       ||    15
         Leather armour    |       |    12 |    10 ||    22
  Dodge: Dodged            |    47 |    46 |    48 ||   141
